 Dungeon Crawl Stone Soup version 0.29.1-1-gd02db6906a (webtiles) character file.

Game seed: 9975791885329183157

12 GigaChad the Covered (level 2, 0/23 (27) HPs)
             Began as a Minotaur Fighter on Oct 4, 2022.
             Succumbed to a kobold's poison
             ... on level 1 of the Dungeon.
             The game lasted 00:00:33 (485 turns).

GigaChad the Covered (Minotaur Fighter)              Turns: 485, Time: 00:00:34

HP:   0/23 (27)     AC:  7    Str: 20    XL:     2   Next: 20%
MP:   1/1           EV:  9    Int:  5    God:
Gold: 9             SH:  4    Dex:  9    Spells: 1/1 levels left

rFire   . . .      SeeInvis .   a - +0 long sword
rCold   . . .      Faith    .   c - +0 buckler
rNeg    . . .      Spirit   .   b - +0 scale mail
rPois   .          Reflect  .   (helmet restricted)
rElec   .          Harm     .   (no cloak)
rCorr   .          Rampage  .   (no gloves)
Will    .....                   (no boots)
Stlth   ..........              (no amulet)
HPRegen 0.07/turn               (no ring)
MPRegen 0.07/turn               (no ring)

@: lethally poisoned (0 -> -3), heavily drained
A: horns 2, retaliatory headbutt
a: no special abilities


You were on level 1 of the Dungeon.
You visited 1 branch of the dungeon, and saw 1 of its levels.

You collected 9 gold pieces.

Inventory:

Hand Weapons
 a - a +0 long sword (weapon)
Armour
 b - a +0 scale mail (worn)
 c - a +0 buckler (worn)
Scrolls
 e - 2 scrolls of poison {unknown}
Potions
 d - a potion of might


   Skills:
 + Level 3.9 Fighting
 + Level 2.4 Long Blades
 + Level 3.9 Armour
 + Level 0.3 Dodging
 + Level 3.9 Shields


You had one spell level left.
You didn't know any spells.
Your spell library was empty.

Dungeon Overview and Level Annotations

Branches:
Dungeon (1/15)

Altars:


Innate Abilities, Weirdness & Mutations

You have a pair of horns on your head.
You reflexively headbutt those who attack you in melee.


Message History

You block the bat's attack.
The kobold hits you with a +2 short sword of venom.
You are poisoned.
You barely miss the kobold. Your headbutt misses the kobold.
You feel very sick. The bat hits you but does no damage.
The kobold hits you but does no damage.
You are lethally poisoned!
The giant cockroach bites you but does no damage.
You hit the kobold. You headbutt the kobold.
You kill the kobold!
You feel very sick. The bat closely misses you.
The giant cockroach bites you but does no damage.
The bat hits you.
You have reached level 2!
You miss the bat.
You feel sick. The bat hits you but does no damage.
You block the giant cockroach's attack. The giant cockroach bites you.
* * * LOW HITPOINT WARNING * * *
The dart slug launches a dart at you.
The slug dart hits you but does no damage.
* * * LOW HITPOINT WARNING * * *
You feel sick. The bat barely misses you. The bat hits you.
* * * LOW HITPOINT WARNING * * *
The giant cockroach barely misses you. You furiously retaliate!
You headbutt the giant cockroach!
You kill the giant cockroach!
Things that are here:
a +2 short sword of venom; 3 stones; a kobold corpse You hit the dart slug.
You headbutt the dart slug, but do no damage.
The dart slug is lightly wounded.
* * * LOW HITPOINT WARNING * * *
You feel sick. You block the bat's attack.
The dart slug bites you but does no damage.
You hit the dart slug but do no damage. You headbutt the dart slug!
You kill the dart slug!
* * * LOW HITPOINT WARNING * * *
You feel sick. The bat hits you but does no damage.
You miss the bat. Your headbutt misses the bat.
You die...

# ## #........ .###
#........ ...######
#........ .#......#
#........ .######.#
#........ .# #.#
#........ .# #.#
##."...... .# #.###
#b@†......
.######...#####.########
.##..)..........#
....######.###### .####
#....# .# ####.## .#
#>.# .# ##.# .# #.#


You could see a bat.

Vanquished Creatures
  A dart slug (D:1)
  An endoplasm (D:1)
  A giant cockroach (D:1)
  A goblin (D:1)
  2 hobgoblins (D:1)
  2 bats (D:1)
  A frilled lizard (D:1)
  A kobold (D:1)
10 creatures vanquished.

Notes
Turn   | Place    | Note
-------+----------+-------------------------------------------
     0 | D:1      | GigaChad the Minotaur Fighter began the quest for the Orb.
     0 | D:1      | Reached XP level 1. HP: 19/19 MP: 0/0
   481 | D:1      | Reached XP level 2. HP: 9/23 MP: 1/1
   483 | D:1      | HP: 1/23 [poisoned by a kobold]
   485 | D:1      | Succumbed to a kobold's poison

Illustrated notes

Levels and vault maps discovered:
D:1:      saegor_arrival_simple_a, layout_rooms

Action                   || total
-------------------------++-------
Melee: Long sword        ||    34
       Headbutt          ||     6
Armor: Scale mail        ||    24
Dodge: Dodged            ||    19
Block: Buckler           ||    11
